 Dungeon Crawl Stone Soup version 0.19-a0-1225-gf887c1c (webtiles) character file.

206821 rlgrobin the Severer (level 19, -3/146 HPs)
             Began as a Formicid Fighter on Aug 19, 2016.
             Slain by a freezing wraith (8 damage)
             ... summoned by a boggart
             ... on level 3 of the Vaults on Aug 25, 2016.
             The game lasted 02:23:33 (39469 turns).

rlgrobin the Severer (Formicid Fighter)            Turns: 39469, Time: 02:23:33

Health: -3/146     AC: 31    Str: 23    XL:     19   Next: 44%
Magic:  0/24       EV: 16    Int: 18    God:
Gold:   1339       SH: 20    Dex: 15    Spells: 1 memorised, 16 levels left

rFire  . . .     SeeInvis +     e - +3 executioner's axe (elec) {Braindead}
rCold  . . .     Gourm    .     u - +7 chain mail of the Butterfly {rPois Regen+}
rNeg   . . .     Faith    .     M - +0 large shield
rPois  +         Spirit   +     (helmet unavailable)
rElec  .         Dismiss  .     x - +2 cloak
rCorr  .         Reflect  .     t - +2 pair of gloves of Ponnul {MR+ Int+4} (curse)
MR     ++...     Harm     .     S - +2 pair of boots (curse)
Stlth  ..........               U - amulet of guardian spirit
                                B - ring of poison resistance
                                E - +5 ring of intelligence

@: very slow
A: permanent stasis, dig shafts and tunnels, four strong arms, antennae 3
a: Dig, Shaft Self
}: 1/15 runes: gossamer


You were on level 3 of the Vaults.
You were not hungry.

You visited 7 branches of the dungeon, and saw 35 of its levels.
You also visited: Labyrinth and Ice Cave.

You collected 3012 gold pieces.
You spent 1673 gold pieces at shops.


Innate Abilities, Weirdness & Mutations

You are under a permanent stasis effect.
You can dig through walls and to a lower floor.
Your four strong arms can wield two-handed weapons with a shield.
You have a pair of large antennae on your head. (SInv)


   Skills:
 - Level 12.1 Fighting
 - Level 18.1 Axes
 - Level 8.3 Bows
 - Level 14.1 Armour
 + Level 12.3 Dodging
 - Level 15.0 Shields
   Level 6.0 Invocations
 - Level 7.6 Evocations


You had 16 spell levels left.
You knew the following spells:

 Your Spells              Type           Power        Failure   Level  Hunger
N - Passwall              Tmut/Erth      #.........   98%         2    ###....

Inventory:

Hand Weapons
 b - the +8 bow of Krishna "Sharnga" {speed, Dex+3 SInv} Attacks with this weapon are significantly faster. It affects your dexterity (+3). It lets you see invisible.
 e - a +3 executioner's axe of electrocution (weapon) {Braindead}
 O - a +4 battleaxe
Missiles
 k - 565 arrows
 D - a throwing net (quivered) {=f}
Armour
 t - the cursed +2 pair of gloves of Ponnul (worn) {MR+ Int+4}

   It affects your intelligence (+4).
   It affects your resistance to hostile enchantments.
   It has a curse placed upon it.
 u - the +7 chain mail of the Butterfly (worn) {rPois Regen+}

   It protects you from poison.
   It increases your rate of regeneration.
 x - a +2 cloak (worn)
 M - a +0 large shield (worn)
 S - a cursed +2 pair of boots (worn)
Rods
 c - a -1 rod of shadows (13/13)
Jewellery
 d - an uncursed ring of protection from fire
 g - a cursed ring of loudness {unknown}
 v - an uncursed ring of positive energy {unknown}
 A - a cursed ring of teleportation {unknown}
 B - a ring of poison resistance (right hand)
 E - a +5 ring of intelligence (left hand)
 N - a +1 ring of protection
 U - an amulet of guardian spirit (around neck)
Wands
 a - a wand of acid (8/15)
 q - a wand of teleportation (3/9) {!d@v4}
 G - a wand of paralysis (15/24)
 J - a wand of enslavement (10/24)
 T - a wand of iceblast (3/15)
 V - a wand of lightning (6/15)
 W - a wand of confusion (34/48)
Scrolls
 j - 11 scrolls of remove curse
 n - 3 scrolls of immolation {!r}
 s - a scroll of fear
 y - 2 scrolls of enchant armour
 K - 6 scrolls of fog
 L - 13 scrolls of identify {@r1}
 X - 5 scrolls of magic mapping
Potions
 h - 6 potions of brilliance
 i - 2 potions of cure mutation
 l - 8 potions of curing {@q1}
 o - 3 potions of cancellation
 p - 4 potions of agility
 r - 4 potions of lignification {!q}
 C - 3 potions of magic
 F - a potion of invisibility
 I - 7 potions of ambrosia
 Q - 3 potions of might
 R - a potion of resistance
Miscellaneous
 z - a lamp of fire
Comestibles
 f - 19 bread rations
 m - 15 meat rations
 w - 2 beef jerkies
 Z - 14 slices of pizza

Dungeon Overview and Level Annotations

Branches:
Dungeon (15/15)            Temple (1/1) D:7            Lair (6/6) D:8
  Swamp (4/4) Lair:2       Spider (4/4) Lair:4        Slime (0/5) Lair:6
    Orc (2/2) D:10            Elf (0/3) Orc:2        Vaults (2/5) D:13
  Crypt: Vaults:2-3  Depths: D:15

Altars:
Ashenzari
Cheibriados
Dithmenos
Elyvilon
Fedhas
Gozag
Hepliaklqana
Kikubaaqudgha
Makhleb
Nemelex Xobeh
Okawaru
Qazlal
Ru
Sif Muna
Trog
Uskayaw
Vehumet
Xom
Yredelemnul
Zin
The Shining One
Jiyva

Shops:
D:11 :   D:12 [   D:14 *   Orc:2 %%*[:

Portals:
Pandemonium: Orc:2

Annotations:
D:2 yiuf
D:3 Aquadorian's ghost, novice FoFi
Lair:3 exclusion: downstairs
Lair:4 9h hydra roaming (tabbed too much, sorry)
Vaults:2 Boris

▒▒▒ .. ..▒ ▒. ▒.▒
▒.▒▒.▒▒.▒ ▒....iW.▒
▒. ▒a▒ ▒.▒▒.▒▒W▒
▒.....iu▒
▒▒▒▒▒▒'▒▒▒▒▒▒▒▒▒▒▒▒▒
.....................
.....................
.....................
.....................
............†........


You could see a purple ugly thing, a shadow wraith (invisible), a freezing
wraith and 2 boggarts.


Message History

The freezing wraith misses you. You block the freezing wraith's attack.
Your chain mail of the Butterfly prevents you from hitting the freezing wraith.
The freezing wraith is moderately damaged.
You hit the shadow wraith. The freezing wraith hits you!
* * * LOW HITPOINT WARNING * * *
The freezing wraith freezes you!!
* * * LOW HITPOINT WARNING * * *
The freezing wraith hits you but does no damage.
The shadow wraith hits you!
* * * LOW HITPOINT WARNING * * *
You hit the freezing wraith but do no damage.
The freezing wraith is moderately damaged.
You barely miss the shadow wraith. You block the freezing wraith's attack.
You block the freezing wraith's attack. You block the shadow wraith's attack.
The freezing wraith barely misses you.
The freezing wraith hits you but does no damage.
You hit the freezing wraith.
The freezing wraith is heavily damaged.
You slice the shadow wraith!! You block the shadow wraith's attack.
The freezing wraith hits you.
* * * LOW HITPOINT WARNING * * *
The freezing wraith freezes you!!
* * * LOW HITPOINT WARNING * * *
The freezing wraith hits you!
You die...

Action                   |  1- 3 |  4- 6 |  7- 9 | 10-12 | 13-15 | 16-18 | 19-21 || total
-------------------------+-------+-------+-------+-------+-------+-------+-------++-------
Melee: War axe           |    50 |   333 |   348 |   416 |       |       |       ||  1147
       Battleaxe         |       |       |       |   204 |  1192 |   364 |       ||  1760
       Dire flail        |       |       |       |     8 |    58 |       |       ||    66
       Executioner's axe |       |       |       |       |       |  1004 |   233 ||  1237
 Fire: Hand crossbow     |       |       |       |       |     3 |       |       ||     3
       Longbow           |       |       |       |       |     1 |    90 |       ||    91
Throw: Tomahawk          |       |       |       |     3 |     7 |       |       ||    10
       Throwing net      |       |       |       |       |       |     2 |       ||     2
Invok: Renounce Religion |       |       |       |       |       |     2 |       ||     2
 Abil: Dig               |       |       |       |       |       |     4 |       ||     4
       Shaft Self        |       |       |       |       |       |     2 |     2 ||     4
Evoke: Wand              |       |       |       |       |     7 |    12 |       ||    19
       Rod               |       |       |       |       |     5 |     2 |       ||     7
       Lamp of fire      |       |       |       |       |       |     1 |       ||     1
  Use: Potion            |     1 |     4 |     2 |     2 |     2 |     3 |     2 ||    16
       Scroll            |       |       |       |    22 |    16 |    12 |       ||    50
 Stab: Paralysed         |       |       |     2 |    44 |    97 |    38 |       ||   181
       Distracted        |       |       |       |       |     1 |     2 |       ||     3
       Petrified         |       |       |       |       |     5 |       |       ||     5
       Confused          |       |       |       |       |     2 |       |       ||     2
       Held in net/web   |       |       |       |       |       |     1 |       ||     1
  Eat: Royal jelly       |       |     1 |       |       |     2 |       |       ||     3
       Chunk             |       |     8 |    14 |    30 |    29 |    21 |     4 ||   106
       Fruit             |       |       |       |       |     5 |    14 |       ||    19
       Beef jerky        |       |       |       |       |       |     4 |     1 ||     5
Armor: Scale mail        |    23 |   151 |    50 |       |       |       |       ||   224
       Plate armour      |       |       |    82 |   256 |   474 |       |       ||   812
       Skin              |       |       |       |       |     8 |       |       ||     8
       Chain mail        |       |       |       |       |    26 |   828 |    96 ||   950
Dodge: Dodged            |    13 |    92 |    57 |   132 |   268 |   660 |   106 ||  1328
Block: Shield            |    18 |   171 |   125 |   306 |   284 |       |       ||   904
       Large shield      |       |       |       |       |   592 |  1677 |   349 ||  2618

Vault maps used:
D:1:      lemuel_arrival_lava_pool
D:2:      trog_butcher_becter, uniq_crazy_yiuf_cottage
D:3:      minmay_goblin_kobold_castle, minmay_rats_cheesy_pizza, uniq_sigmund
D:4:      first_bread
D:5:      chei_slow_surprise
D:6:      uniq_menkaure
D:7:      uniq_pikel
D:8:      lair_0_dummy
D:9:      uniq_prince_ribbit1
D:10:     orc_0_dummy, grunt_livestock, grunt_ministairs_12, fedhas_altar_3,
          uniq_nergalle
D:11:     serial_shops, shop
D:12:     serial_shops, nicolae_shop_behind_doors
D:13:     david_vaults_3, serial_co_window_serial, co_window_paths_b,
          co_window_paths_a, co_window_paths_a, co_window_corner_a,
          co_window_paths_a, co_window_broadway_a, co_window_of_opportunity_b,
          co_window_broadway_a, co_window_cross_3, glass_columns_b,
          glass_columns_a, glass_columns_a, glass_columns_c,
          portal_ice_cave_entry_pillars_1, basic_altar, uniq_snorg
D:14:     serial_shops, shop, grunt_dithmenos_smoke_and_mirrors,
          kennysheep_cross_room, kennysheep_generic_room_14
D:15:     grunt_enter_depths_snipers, grunt_decor_fettered
Temple:   minmay_crystal_snake_temple
Lair:1:   grunt_megastairs_4
Lair:2:   mu_elephants_graveyard, minmay_swamp_entry_worms, basic_altar,
          serial_bayou_shore_a
Lair:4:   dummy_spider_entry, lab_entry_generic
Lair:5:   grunt_megastairs_3
Lair:6:   grunt_lair_end_beastmaster, slime_altar_1, fungi_pond_lemuel,
          infiniplex_staircase_pool_2
Swamp:1:  evilmike_swamp_ruin_rubble_2, swamp_pool5, uniq_roxanne
Swamp:2:  serial_swamp_ruin, hangedman_swamp_ruin_wall,
          evilmike_swamp_ruin_rubble_1, evilmike_swamp_ruin_house_3, swamp_pool1
Swamp:3:  evilmike_swamp_ruin_house_2
Swamp:4:  swamp_alternative, uniq_nikola
Spider:1: uniq_aizul
Spider:2: uniq_donald
Spider:4: grunt_spider_rune_parallel, uniq_arachne, uniq_kirke, uniq_mara
Orc:1:    cheibrodos_orc_bank
Orc:2:    pf_orc_diabolical, serial_shops, nicolae_shop_trees
Vaults:1: vaults_room_grid, ontoclasm_vaults_ring_large,
          nicolae_vaults_network_quinsquares,
          nicolae_vaults_windows_and_doors_thing, nicolae_vaults_theta,
          v_misc_9, v_rooms_2, vaults_room_fours, v_misc_10,
          nicolae_vaults_statue_guard
Vaults:2: ontoclasm_vaults_idyll, vaults_room_mumra_shop_pool, v_misc_12,
          hangedman_vaults_corner, nicolae_vaults_ninety_degrees,
          vaults_dpeg_hooks, grunt_vaults_twisty, nicolae_vaults_specimen_jars,
          nicolae_vaults_yaktaur_gun_rack, ontoclasm_vaults_twist, uniq_boris
Vaults:3: minmay_crypt_entry_vampire_xt, vaults_mumra_minichess_inversion,
          v_pattern_5, vaults_room_fours, nicolae_vaults_border_crossing,
          vaults_room_fancy_cross, ontoclasm_vaults_decontamination, v_misc_28,
          hangedman_vaults_river_flow, nicolae_vaults_little_squares_6,
          st_smaller_cells, v_misc_24
Lab:      labyrinth_mini_lab, nicolae_lab_do_over
IceCv:    ice_cave_caverns_03

Notes
Turn   | Place    | Note
-------+----------+-------------------------------------------
     0 | D:1      | rlgrobin the Formicid Fighter began the quest for the Orb.
     0 | D:1      | Reached XP level 1. HP: 18/18 MP: 1/1
    37 | D:1      | Reached XP level 2. HP: 23/24 MP: 2/2
   117 | D:1      | You fall through a shaft!
   183 | D:2      | Reached skill level 3 in Axes
   372 | D:2      | Reached XP level 3. HP: 29/29 MP: 3/3
   682 | D:2      | You fall through a shaft for 2 floors!
   700 | D:4      | Reached skill level 4 in Axes
   700 | D:4      | Reached XP level 4. HP: 25/35 MP: 4/4
  1351 | D:4      | Reached XP level 5. HP: 29/41 MP: 5/5
  2188 | D:1      | Reached skill level 5 in Axes
  2632 | D:2      | Found a bloodstained altar of Trog.
  2907 | D:3      | Noticed Aquadorian's ghost (novice FoFi)
  3287 | D:3      | Reached XP level 6. HP: 44/47 MP: 6/6
  3545 | D:3      | Reached skill level 6 in Axes
  3908 | D:3      | HP: 4/47 [kobold (3)]
  3916 | D:3      | HP: 3/47 [poisoned by a kobold]
  3919 | D:3      | Identified a potion of experience
  3919 | D:3      | Reached skill level 13 in Axes
  3919 | D:3      | Reached XP level 7. HP: 2/52 MP: 7/7
  4631 | D:3      | Noticed Sigmund
  4781 | D:4      | Reached skill level 4 in Fighting
  4781 | D:4      | Reached XP level 8. HP: 60/60 MP: 8/8
  5083 | D:5      | Entered Level 5 of the Dungeon
  5849 | D:5      | Reached skill level 5 in Fighting
  6054 | D:5      | Found a snail-covered altar of Cheibriados.
  6881 | D:6      | Reached XP level 9. HP: 69/69 MP: 9/9
  6898 | D:6      | Reached skill level 6 in Fighting
  6904 | D:6      | Reached skill level 4 in Shields
  7210 | D:6      | Noticed Menkaure
  7227 | D:6      | Killed Menkaure
  7376 | D:6      | Reached skill level 5 in Shields
  7633 | D:7      | Found a staircase to the Ecumenical Temple.
  7638 | Temple   | Entered the Ecumenical Temple
  7767 | Temple   | Became a worshipper of Uskayaw the Reveler
  7850 | D:7      | Reached * piety under Uskayaw
  7880 | D:7      | Reached ** piety under Uskayaw
  7891 | D:7      | Reached *** piety under Uskayaw
  7894 | D:7      | Reached **** piety under Uskayaw
  7915 | D:7      | Reached skill level 6 in Shields
  8019 | D:7      | Reached skill level 7 in Shields
  8021 | D:7      | Reached XP level 10. HP: 60/76 MP: 10/10
  8025 | D:7      | Reached ***** piety under Uskayaw
  8051 | D:7      | Reached skill level 4 in Armour
  8119 | D:7      | Noticed Pikel
  8149 | D:7      | Killed Pikel
  8149 | D:7      | Reached skill level 5 in Armour
  8470 | D:7      | Reached skill level 6 in Armour
  8605 | D:8      | Reached skill level 1 in Dodging
  8671 | D:8      | Reached skill level 2 in Dodging
  9054 | D:8      | Found a staircase to the Lair.
  9299 | D:9      | Reached skill level 3 in Dodging
  9374 | D:9      | Noticed Prince Ribbit
  9397 | D:9      | Killed Prince Ribbit
  9437 | D:9      | Learned a level 2 spell: Passwall
  9755 | D:10     | Entered Level 10 of the Dungeon
  9896 | D:10     | Reached skill level 7 in Fighting
  9897 | D:10     | Found a staircase to the Orcish Mines.
  9944 | D:10     | Reached XP level 11. HP: 74/84 MP: 11/11
 10029 | D:10     | Noticed a hill giant
 10039 | D:10     | Killed a hill giant
 10279 | D:10     | Reached skill level 8 in Fighting
 10464 | D:10     | Noticed a hill giant
 10474 | D:10     | Killed a hill giant
 10474 | D:10     | Reached skill level 8 in Shields
 10974 | D:10     | Reached skill level 9 in Shields
 11099 | D:10     | Noticed Nergalle
 11289 | D:10     | Killed Nergalle
 11343 | D:10     | Found a blossoming altar of Fedhas.
 11728 | Orc:1    | Entered Level 1 of the Orcish Mines
 11978 | Orc:1    | Noticed an orc knight
 12001 | Orc:1    | Killed an orc knight
 12015 | Orc:1    | Reached skill level 14 in Axes
 12358 | Lair:1   | Entered Level 1 of the Lair of Beasts
 12378 | Lair:1   | Identified a scroll of acquirement
 12598 | Lair:1   | Reached skill level 1 in Evocations
 12642 | Lair:1   | Noticed a four-headed hydra
 12654 | Lair:1   | Killed a four-headed hydra
 12654 | Lair:1   | Reached skill level 3 in Evocations
 12764 | Lair:1   | Reached skill level 4 in Evocations
 12784 | Lair:1   | Reached XP level 12. HP: 85/92 MP: 15/15
 12810 | Lair:1   | Reached skill level 5 in Evocations
 13180 | Lair:1   | Reached skill level 6 in Evocations
 13382 | Lair:2   | Found a basalt altar of Yredelemnul.
 13400 | Lair:2   | Reached skill level 9 in Fighting
 13562 | Lair:2   | Reached skill level 10 in Fighting
 13857 | Lair:2   | Reached skill level 11 in Fighting
 14233 | Lair:2   | Reached skill level 7 in Armour
 14233 | Lair:2   | Reached XP level 13. HP: 74/106 MP: 17/17
 14531 | Lair:2   | Found a staircase to the Swamp.
 14850 | Lair:2   | Noticed a dire elephant
 14984 | Lair:3   | Reached skill level 8 in Armour
 15453 | Lair:3   | Noticed Ferkelamun's ghost (journeyman DsGl)
 15492 | Lair:3   | Killed Ferkelamun's ghost
 15739 | Lair:3   | Noticed a five-headed hydra
 15753 | Lair:3   | Killed a five-headed hydra
 16189 | Lair:3   | Noticed a four-headed hydra
 16326 | Lair:2   | Reached skill level 15 in Axes
 16584 | Lair:3   | Killed a four-headed hydra
 16947 | Lair:4   | Found a labyrinth entrance.
 16982 | Lab      | Entered a labyrinth
 17269 | Lab      | Noticed a minotaur
 17278 | Lab      | Killed a minotaur
 17278 | Lab      | Reached skill level 4 in Dodging
 17626 | Lair:4   | Noticed an eight-headed hydra
 17626 | Lair:4   | Noticed an eight-headed hydra
 17851 | Lair:4   | Found a hole to the Spider Nest.
 18025 | Lair:4   | Killed an eight-headed hydra
 18491 | Lair:5   | Reached skill level 5 in Dodging
 18543 | Lair:5   | Identified a potion of resistance
 18618 | Lair:5   | Noticed an eight-headed hydra
 18629 | Lair:5   | Killed an eight-headed hydra
 18927 | Lair:5   | Reached XP level 14. HP: 105/113 MP: 16/18
 19161 | Lair:6   | Entered Level 6 of the Lair of Beasts
 19178 | Lair:6   | Reached skill level 10 in Shields
 19185 | Lair:6   | Reached ****** piety under Uskayaw
 19317 | Lair:6   | Reached skill level 16 in Axes
 19576 | Lair:6   | Reached skill level 11 in Shields
 20048 | Lair:6   | Found a viscous altar of Jiyva.
 20049 | Lair:6   | Found a staircase to the Slime Pits.
 20428 | Lair:6   | Reached skill level 12 in Shields
 21001 | Lair:6   | Got a transparent hand crossbow
 21002 | Lair:6   | Identified the +6 hand crossbow of Racvuon {flame, Str+3} (You found it on level 6 of the Lair of Beasts)
 21285 | Lair:2   | Killed a dire elephant
 21731 | D:3      | Killed Sigmund
 21924 | D:2      | Found a runed door.
 21928 | D:2      | Noticed Crazy Yiuf
 21931 | D:2      | Killed Crazy Yiuf
 22767 | D:11     | Found Dourarif's Book Boutique.
 23368 | D:12     | Found Iratosho's Armour Boutique.
 23412 | D:12     | Reached XP level 15. HP: 113/119 MP: 19/19
 24620 | Orc:2    | Entered Level 2 of the Orcish Mines
 24639 | Orc:2    | Reached skill level 17 in Axes
 24654 | Orc:2    | Reached skill level 12 in Fighting
 24756 | Orc:2    | Found Xuproukk's Assorted Antiques.
 24822 | Orc:2    | Bought a scroll labeled WOS FULYFUASS for 28 gold pieces
 24983 | Orc:2    | Found Yheyjos's Food Shop.
 25025 | Orc:2    | Found Yfena's Food Boutique.
 25073 | Orc:2    | Reached skill level 1 in Invocations
 25303 | Orc:2    | Found a staircase to the Elven Halls.
 25337 | Orc:2    | Reached skill level 2 in Invocations
 25504 | Orc:2    | Reached skill level 3 in Invocations
 25689 | Orc:2    | Reached skill level 4 in Invocations
 26160 | Orc:2    | Reached skill level 5 in Invocations
 26498 | Orc:2    | Reached skill level 6 in Invocations
 26570 | Orc:2    | Found Dyjagi Deto's Antique Armour Emporium.
 26570 | Orc:2    | Found a one-way gate leading to the halls of Pandemonium.
 26570 | Orc:2    | Found Gummaur's Book Shoppe.
 26618 | Orc:2    | Bought a runed plate armour for 644 gold pieces
 26641 | Orc:2    | Bought a scroll of fog for 56 gold pieces
 26641 | Orc:2    | Bought a scroll of identify for 56 gold pieces
 26758 | D:12     | Bought the +7 chain mail of the Butterfly {rPois Regen+} for 709 gold pieces
 26841 | D:13     | Found a frozen archway.
 26849 | D:13     | Reached skill level 1 in Bows
 26929 | IceCv    | Entered an ice cave
 27136 | D:13     | Noticed Urug
 27136 | D:13     | Found a gate to the Vaults.
 27160 | D:13     | Reached skill level 2 in Bows
 27191 | D:13     | Killed Urug
 27193 | D:13     | Identified a wand of teleportation (You took it off Urug on level 13 of the Dungeon)
 27238 | D:13     | Noticed Rupert
 27291 | D:13     | Killed Rupert
 27291 | D:13     | Reached skill level 3 in Bows
 27531 | D:13     | Noticed Snorg
 27534 | D:13     | Reached skill level 4 in Bows
 27551 | D:13     | Killed Snorg
 27551 | D:13     | Reached XP level 16. HP: 72/127 MP: 12/20
 27658 | D:13     | Reached skill level 5 in Bows
 27762 | D:13     | Found an opulent altar of Gozag.
 28077 | D:14     | Found Pocyb's Assorted Antiques.
 28139 | D:14     | Bought a twisted wooden wand for 144 gold pieces
 28139 | D:14     | Bought a scroll labeled XUNUGH WOURCHI for 36 gold pieces
 28271 | D:14     | Found a shadowy altar of Dithmenos.
 28300 | D:14     | Reached skill level 6 in Bows
 28721 | D:15     | Entered Level 15 of the Dungeon
 29043 | D:15     | Reached skill level 9 in Armour
 29272 | D:15     | Reached skill level 7 in Bows
 30001 | Spider:1 | Entered Level 1 of the Spider Nest
 30279 | Spider:1 | Reached skill level 8 in Bows
 30430 | Spider:1 | Noticed Aizul
 30448 | Spider:1 | Killed Aizul
 30448 | Spider:1 | Reached skill level 7 in Evocations
 30674 | Spider:1 | Reached skill level 18 in Axes
 30720 | Spider:2 | notes for the next player:
 30720 | Spider:2 | - we have Sharnga, so i decided to train bows a bit. 8.0 is easily enough to take out orb spiders, so you don't have to train more for now
 30720 | Spider:2 | - i didn't train axes to mindelay despite having an exec axe because i wanted to work on other skills first (since bringing them up from 0 to 6-8 is fast)
 30720 | Spider:2 | - we have a rod of shadows, it fucks up any unique, Aizul and Rupert included
 30720 | Spider:2 | - i conserved scrolls of enchant armor for a better plate or a dragon armour
 30720 | Spider:2 | - treat a wand of teleportation as an additional hexing wand, it has a better success chance than confusion or paralysis actually
 30720 | Spider:2 | - dire flail in the inventory is for hydras in swamp, but don't fight more than one at a time
 30724 | Spider:2 | - delay on exec axe is currently 1.2 versus 0.9 on battleaxe; training shields to 15 will bring it down a bit
 30724 | Spider:2 | Upgraded the game from 0.19-a0-1193-g2641e52 to 0.19-a0-1201-gda63bca
 30724 | Spider:2 | Upgraded the game from 0.19-a0-1201-gda63bca to 0.19-a0-1206-g6bcb79c
 30724 | Spider:2 | Upgraded the game from 0.19-a0-1206-g6bcb79c to 0.19-a0-1210-g5c1aa26
 30724 | Spider:2 | oh
 30724 | Spider:2 | okay
 30725 | Spider:2 | jesus this is all wrong
 30754 | Spider:2 | Noticed Donald
 30758 | Spider:2 | oh right newdolan
 30789 | Spider:1 | memers
 30789 | Spider:1 | sack
 30865 | Spider:2 | Reached skill level 13 in Shields
 31064 | Spider:2 | what is this meme god even
 31476 | Spider:2 | Killed Donald
 31764 | Spider:2 | Reached XP level 17. HP: 127/133 MP: 19/22
 31766 | Spider:2 | Reached skill level 14 in Shields
 32428 | Spider:3 | Fell from the grace of Uskayaw
 32429 | Spider:3 | meme
 32429 | Spider:3 | MEME GOD
 32528 | Spider:3 | Reached skill level 15 in Shields
 32607 | Spider:3 | Reached skill level 6 in Dodging
 33390 | Spider:4 | Entered Level 4 of the Spider Nest
 33390 | Spider:4 | Noticed Arachne
 33444 | Spider:3 | Killed Arachne
 33444 | Spider:3 | Reached skill level 7 in Dodging
 33736 | Spider:4 | Reached skill level 8 in Dodging
 33921 | Spider:4 | Noticed Mara
 33979 | Spider:4 | Noticed rlgrobin's illusion
 33991 | Spider:3 | Noticed rlgrobin's illusion
 34000 | Spider:3 | Killed Mara
 34000 | Spider:3 | Reached skill level 10 in Armour
 34001 | Spider:3 | meme
 34001 | Spider:3 | MEME I SAY
 34395 | Spider:4 | Reached skill level 11 in Armour
 34461 | Spider:4 | Noticed Kirke
 34488 | Spider:4 | Killed Kirke
 34501 | Spider:4 | Reached XP level 18. HP: 109/140 MP: 18/23
 34720 | Spider:4 | Reached skill level 12 in Armour
 35135 | Spider:4 | Reached skill level 13 in Armour
 35298 | Spider:4 | Got a gossamer rune of Zot
 35724 | Swamp:1  | Entered Level 1 of the Swamp
 35997 | Swamp:1  | Noticed Roxanne
 36021 | Swamp:1  | Killed Roxanne
 36209 | Swamp:1  | Got a pair of bloodstained gloves
 36220 | Swamp:1  | Identified the +2 pair of gloves of Ponnul {MR+ Int+4} (You found it on level 1 of the Swamp)
 36336 | Temple   | Became a worshipper of Cheibriados the Contemplative
 36820 | Swamp:2  | Upgraded the game from 0.19-a0-1210-g5c1aa26 to 0.19-a0-1225-gf887c1c
 36820 | Swamp:2  | very funny anon, very funny
 36820 | Swamp:2  | play it yourself
 36885 | Swamp:2  | You fall through a shaft!
 36911 | Swamp:3  | Reached skill level 14 in Armour
 37103 | Swamp:3  | Was forgiven by Uskayaw
 37392 | Swamp:3  | You fall through a shaft!
 37392 | Swamp:4  | Entered Level 4 of the Swamp
 37400 | Swamp:4  | Reached skill level 9 in Dodging
 37418 | Swamp:4  | HP: 14/140 [eight-headed hydra (2)]
 37467 | Swamp:3  | Reached * piety under Cheibriados
 37838 | Vaults:1 | Entered Level 1 of the Vaults
 37899 | Vaults:1 | Fell from the grace of Cheibriados
 38161 | Vaults:1 | Reached skill level 10 in Dodging
 38469 | Vaults:1 | Reached XP level 19. HP: 138/146 MP: 24/24
 38532 | Vaults:1 | You fall through a shaft!
 38750 | Vaults:2 | Reached skill level 11 in Dodging
 39198 | Vaults:2 | Noticed Boris
 39200 | Vaults:2 | Reached skill level 12 in Dodging
 39209 | Vaults:2 | HP: 10/146 [Boris/iron shot (44)]
 39215 | Vaults:2 | HP: 5/146 [orc knight/great mace of crushing (9)]
 39216 | Vaults:2 | You fall through a shaft!
 39469 | Vaults:3 | HP: 5/146 [freezing wraith[a boggart] (15)]
 39469 | Vaults:3 | Slain by a freezing wraith

Vanquished Creatures
  Mara (Spider:3)
  Arachne (Spider:3)
  Kirke (Spider:4)
  Donald (Spider:2)
  Roxanne (Swamp:1)
  A vault warden (Vaults:1)
  Aizul (Spider:1)
  3 ghost moths (Spider:4)
  An ironheart preserver (Vaults:3)
  An emperor scorpion (Spider:4)
  4 entropy weavers
  A stone giant (Vaults:2)
  5 spark wasps
  A dire elephant (Lair:2)
  Snorg (D:13)
  2 ettins
  3 yaktaur captains
  A minotaur (Lab)
  A great orb of eyes (Vaults:2)
  2 vault guards (Vaults:1)
  12 hydras
  A death knight (Vaults:2)
  A catoblepas (Lair:6)
  7 centaur warriors
  The ghost of Ferkelamun the Cleaver, a journeyman DsGl of Cheibriados (Lair:3)
  3 ogre magi
  5 death yaks (Lair:6)
  4 alligators
  Urug (D:13)
  A deep troll shaman (Lair:6)
  5 orc high priests (Orc:2)
  A tengu warrior (D:15)
  Nergalle (D:10)
  A deep elf knight (Vaults:2)
  A soul eater (Orc:2)
  4 skeletal warriors
  2 infernal demonspawn
  2 deep trolls (Vaults:2)
  A giant orange brain (Vaults:2)
  A torturous demonspawn (Orc:2)
  7 swamp dragons
  A shambling mangrove (Swamp:1)
  A deep elf archer (Orc:2)
  Pikel (D:7)
  An obsidian statue (Vaults:1)
  10 hill giants
  20 orb spiders
  4 ironbrand convokers
  6 orc knights
  An ugly thing (D:12)
  3 deep elf magi
  3 harpies (Vaults:2)
  6 orc sorcerers (Orc:2)
  36 wolf spiders
  2 salamanders (shapeshifter)
  3 griffons
  5 hornets
  2 manticores
  2 cyclopes
  A moth of wrath (Spider:4)
  28 elephants
  2 smoke demons (Orc:2)
  4 vault sentinels
  2 centaur zombies
  5 black mambas
  11 spiny frogs
  2 orange demons (Orc:2)
  2 rime drakes
  4 gargoyles
  A redback zombie (D:15)
  2 freezing wraiths
  5 komodo dragons
  12 yaktaurs
  9 demonic crawlers
  A hellwing (Orc:2)
  A queen bee (shapeshifter) (Vaults:1)
  A troll (shapeshifter) (Vaults:1)
  2 giant leeches
  9 trolls
  38 jumping spiders
  2 polar bears
  6 two-headed ogres
  A meliai (shapeshifter) (Vaults:2)
  Prince Ribbit (D:9)
  3 boulder beetles
  14 slime creatures
  A raiju (shapeshifter) (Vaults:1)
  13 blink frogs
  3 bog bodies (Swamp:3)
  44 redbacks
  Sigmund (D:3)
  A shadow (D:13)
  A water elemental (D:14)
  31 tarantellas
  A spriggan (Lair:2)
  2 wraiths
  9 hippogriffs
  2 wyverns
  3 basilisks
  27 yaks
  16 humans
  16 swamp worms
  6 vampire mosquitoes
  5 mottled dragons
  A chaos spawn (Orc:2)
  2 wargs
  A soldier ant (D:12)
  A water moccasin (shapeshifter) (Vaults:1)
  Menkaure (D:6)
  4 porcupines
  9 water moccasins
  26 orc warriors
  3 slaves (D:7)
  A wasp (Swamp:3)
  3 sky beasts
  6 swamp drakes
  2 ice beasts
  7 black bears
  An eye of draining (D:12)
  4 phantoms
  A necrophage (D:6)
  16 ogres
  5 boggarts
  12 centaurs
  8 crocodiles
  15 wolves
  A big kobold (D:7)
  12 giant frogs
  A wyvern zombie (D:9)
  5 scorpions
  15 wights
  3 killer bees (D:11)
  4 howler monkeys
  A giant frog zombie (D:11)
  2 centaur skeletons
  4 crimson imps
  6 jellies
  4 giant frog skeletons
  Crazy Yiuf (D:2)
  6 hounds
  17 orc priests
  10 orc wizards
  4 iguanas
  13 worker ants
  21 sheep
  2 hound zombies
  A hound skeleton (D:9)
  2 worker ant zombies
  12 adders
  11 gnolls
  40 river rats
  6 shadow imps
  2 oozes
  4 worms
  7 giant geckos
  73 orcs
  A ball python (D:5)
  8 bats
  9 giant cockroaches
  32 goblins
  40 hobgoblins
  4 jackals
  4 quokkas
  2 giant gecko skeletons
  9 giant newts
  A jackal zombie (D:5)
  17 kobolds
  A quokka zombie (D:9)
  39 rats
  10 fungi
  3 plants
1152 creatures vanquished.

Vanquished Creatures (collateral kills)
  Rupert (D:13)
  An entropy weaver (Spider:4)
  A wolf spider (Spider:4)
  A demonic crawler (Spider:1)
  A jumping spider (Spider:4)
  A human (D:13)
6 creatures vanquished.

Vanquished Creatures (others)
  A ghost moth (Spider:4)
  A swamp dragon (Swamp:4)
  A hornet (Spider:4)
  A demonic crawler (Spider:4)
  5 humans (Spider:4)
  A swamp worm (Swamp:3)
  A swamp drake (Swamp:4)
  A slave (D:7)
  2 boggarts (Vaults:1)
  A centaur (Vaults:1)
  36 fungi
  9 plants
60 creatures vanquished.

Grand Total: 1218 creatures vanquished
